 Dungeon Crawl Stone Soup version 0.30-a0-613-gdd512c7 (webtiles) character file.

Game seed: 13753740070271404969

1153 malesh the Vexing (level 8, -22/59 HPs)
             Began as a Formicid Hexslinger on Jan 8, 2023.
             Killed by an exploding Maggie (28 damage)
             ... ignited by their inner flame
             ... on level 6 of the Dungeon.
             The game lasted 00:21:29 (6668 turns).

malesh the Vexing (Formicid Hexslinger)             Turns: 6668, Time: 00:21:30

Health: -22/59     AC:  2    Str: 15    XL:     8   Next: 65%
Magic:  16/20      EV: 14    Int: 15    God:
Gold:   349        SH:  0    Dex: 20    Spells: 0/11 levels left

rFire   . . .      SeeInvis +    a - +1 sling
rCold   . . .      Faith    .    (no shield)
rNeg    . . .      Spirit   .    c - +0 robe
rPois   .          Reflect  .    (helmet unavailable)
rElec   .          Harm     .    y - scarf {repulsion}
rCorr   .          Rampage  .    (no gloves)
Will    .....                    (no boots)
Stlth   ++                       (no amulet)
HPRegen 0.29/turn                f - +6 ring of dexterity
MPRegen 0.17/turn                E - ring of magical power

@: invisible, repel missiles
A: permanent stasis, dig shafts and tunnels, antennae 3, four strong arms
a: Dig, Shaft Self


You were on level 6 of the Dungeon.
You visited 1 branch of the dungeon, and saw 6 of its levels.

You collected 349 gold pieces.

Inventory:

Hand Weapons
 a - a +1 sling (weapon)
Armour
 c - a +0 robe (worn)
 y - a scarf of repulsion (worn)
Jewellery
 f - a +6 ring of dexterity (left hand)
 o - a ring of ice
 t - a ring of positive energy
 E - a ring of magical power (right hand)
Wands
 n - a wand of roots (18)
 v - a wand of paralysis (4)
Scrolls
 b - a scroll of poison
 d - a scroll of magic mapping
 e - 2 scrolls of blinking {unknown}
 j - 2 scrolls of fear {unknown}
 k - 2 scrolls of enchant weapon {unknown}
 l - 2 scrolls of noise
 p - a scroll of enchant armour
 x - 2 scrolls of amnesia {unknown}
 C - a scroll of teleportation {unknown}
 D - a scroll of identify
Potions
 g - 2 potions of brilliance
 h - 2 potions of haste {unknown}
 i - a potion of berserk rage {unknown}
 m - 2 potions of curing
 q - a potion of degeneration {unknown}
 r - 2 potions of invisibility
 s - 2 potions of flight {unknown}
 u - 2 potions of mutation {unknown}
 w - a potion of lignification {unknown}
 z - 2 potions of attraction {unknown}
 A - a potion of magic {unknown}
 B - a potion of ambrosia {unknown}


   Skills:
 + Level 3.6 Fighting
 * Level 6.1 Ranged Weapons
 + Level 3.3 Dodging
 + Level 2.1 Spellcasting
 * Level 6.6 Hexes
 - Level 2.0 Translocations
 - Level 2.0 Fire Magic


You couldn't memorise any spells.
You knew the following spells:

 Your Spells              Type           Power      Damage    Failure   Level
a - Slow                  Hex            84%        N/A       1%          1
b - Inner Flame           Hex/Fire       14%        N/A       11%         3
c - Portal Projectile     Hex/Tloc       28%        N/A       11%         3
d - Cause Fear            Hex            10%        N/A       14%         4

Your spell library contained the following spells:

 Spells                   Type           Power      Damage    Failure   Level
 Ensorcelled Hibernation  Hex/Ice        22%        N/A       9%          2
 Vhi's Electric Charge    Tloc/Air       8%         N/A       41%         3
 Anguish                  Hex/Necr       5%         N/A       50%         4
 Spider Form              Tmut/Pois      1%         N/A       54%         3
 Arcjolt                  Conj/Air       0%         1d10      99%         5
 Maxwell's Capacitive Co  Air            0%         ∞         100%        8


Dungeon Overview and Level Annotations

Branches:
Dungeon (6/15)
 Temple: D:4-7

Altars:
Fedhas
Makhleb
Xom


Innate Abilities, Weirdness & Mutations

You cannot be hasted, slowed, berserked, paralysed or teleported.
You can dig through walls and to a lower floor.
You have a pair of large antennae on your head. (SInv)
Your four strong arms can wield two-handed weapons with a shield.


Message History

Fire: a) +1 sling
Press: ? - help, Shift-Dir - straight line, f/p - Maggie
Aim: Maggie, wielding a +2 broad axe of flaming and wearing +0 steam dragon scales (moderately wounded, mesmerising, inner flame, slow, 65% to hit)
Okay, then.
Unknown command.
Okay, then.
Okay, then.
Aiming: Fastroot
Press: ? - help, Shift-Dir - straight line, f/p - Maggie
Aim: Maggie, wielding a +2 broad axe of flaming and wearing +0 steam dragon scales (moderately wounded, mesmerising, inner flame, slow)
The roots erupt in riotous growth!
Roots grab Maggie.
The grasping roots constrict Maggie.
Flame seeps out of Maggie.
Maggie is engulfed in blazing flames.
Flame seeps out of Maggie.
Maggie completely misses you.
You cannot move away from Maggie!
It was a potion of invisibility.
You fade into invisibility!
The grasping roots constrict Maggie.
Flame seeps out of Maggie.
The roots release their grip on Maggie.
Okay, then.
Okay, then.
Okay, then.
Unknown command.
Unknown command.
You cannot move away from Maggie!
Press: ? - help, v - describe, . - travel
Here: Maggie, wielding a +2 broad axe of flaming and wearing +0 steam dragon scales (flame, almost dead, mesmerising, inner flame, unable to see you, slow)
The floor.
Unknown command.
Unknown command.
As you read the scroll labelled ROESUDWIAS, it crumbles to dust.
You hear a loud clanging noise!
It was a scroll of noise.
You break out of your daze.
You hear an angry hiss.
Maggie is engulfed in blazing flames.
Maggie explodes!
The fiery explosion engulfs you!!
You die...

....#.....# #. #.# #
....#.....##.....# #
#.##.###
....#.....##.....##.
#.##.......
....#.######.....#..
........... ....#.#
#..?..#.####+##.##....
......#
#.....#.#.......).....
......#
#...§§#.#.....#[##....
#.....#
###...§°#.#.....#.##.###
#######
......§@§...............
###.....................
#.....#.#######.######
#.....#.# #.......
#.....#.# ########
#.#####.# #. #.# . ...
#.#


There were no monsters in sight!

Vanquished Creatures
  Maggie (D:6)
  A wyvern (D:5)
  Menkaure (D:5)
  A black bear (D:4)
  4 scorpions
  A jelly (D:4)
  5 hounds (D:5)
  Natasha (thrice) (D:2)
  Terence (D:2)
  2 iguanas (D:4)
  Robin (D:2)
  5 adders
  3 gnolls (D:5)
  3 river rats (D:5)
  A white imp (D:6)
  2 ufetubi
  2 worms (D:2)
  2 dart slugs
  An orc (D:4)
  4 ball pythons
  4 bats
  7 endoplasms
  3 giant cockroaches (D:1)
  12 goblins
  9 hobgoblins
  10 jackals
  4 kobolds
  4 quokkas
  2 frilled lizards
  6 rats
105 creatures vanquished.

Vanquished Creatures (others)
  67 plants (D:5)
67 creatures vanquished.

Grand Total: 172 creatures vanquished

Notes
Turn   | Place    | Note
-------+----------+-------------------------------------------
     0 | D:1      | malesh the Formicid Hexslinger began the quest for the Orb.
     0 | D:1      | Reached XP level 1. HP: 15/15 MP: 2/2
   184 | D:1      | Reached XP level 2. HP: 21/21 MP: 1/3
   975 | D:2      | Noticed Natasha
   991 | D:2      | Killed Natasha
   992 | D:2      | Reached XP level 3. HP: 20/26 MP: 2/5
  1059 | D:2      | Reached XP level 4. HP: 32/32 MP: 6/6
  1059 | D:2      | Noticed Terence
  1069 | D:2      | Killed Terence
  1074 | D:2      | Learned a level 3 spell: Inner Flame
  1193 | D:2      | Noticed Natasha
  1197 | D:2      | Killed Natasha
  1198 | D:2      | Reached XP level 5. HP: 38/38 MP: 7/7
  1291 | D:2      | Noticed Robin
  1301 | D:2      | Killed Robin
  1374 | D:2      | Noticed Natasha
  1395 | D:2      | Killed Natasha
  1800 | D:2      | Learned a level 3 spell: Portal Projectile
  1865 | D:2      | Reached XP level 6. HP: 44/44 MP: 8/8
  2340 | D:2      | Found a faded altar of an unknown god.
  2867 | D:3      | Found a blossoming altar of Fedhas.
  3565 | D:4      | Found a shimmering altar of Xom.
  3660 | D:4      | Noticed a black bear
  3670 | D:4      | Killed a black bear
  3671 | D:4      | Reached skill level 5 in Hexes
  3671 | D:4      | Reached skill level 1 in Fire Magic
  3671 | D:4      | Reached XP level 7. HP: 24/51 MP: 8/10
  4317 | D:5      | Entered Level 5 of the Dungeon
  4383 | D:5      | Reached skill level 5 in Ranged Weapons
  4553 | D:5      | Noticed a wyvern
  4569 | D:5      | Killed a wyvern
  4910 | D:5      | Reached skill level 1 in Translocations
  5160 | D:5      | Reached XP level 8. HP: 55/58 MP: 8/11
  5200 | D:5      | Learned a level 4 spell: Cause Fear
  5760 | D:5      | Noticed Menkaure
  5763 | D:5      | Killed Menkaure
  5815 | D:5      | Found a burning altar of Makhleb.
  6654 | D:6      | Noticed Maggie
  6668 | D:6      | Killed Maggie
  6668 | D:6      | Killed by an exploding Maggie... ignited by their inner
                  | flame

Illustrated notes

Levels and vault maps discovered:
D:1:      nicolae_arrival_washed_ashore, layout_loops_corners,
          minmay_fountain_box
D:2:      layout_basic, dilly_ecumenical_altar_fadedgnrine, uniq_natasha,
          uniq_terence, uniq_robin
D:3:      layout_basic, mainiacjoe_overflow_surrounded_room,
          hangedman_decor_points, lemuel_flame_loot_1
D:4:      layout_loops_ring, lemuel_doored_altar
D:5:      wad_woods_settlement, layout_basic, nicolae_overflow_crystal_walls,
          kennysheep_nondescript, uniq_menkaure
D:6:      layout_basic, kennysheep_generic_room_16, uniq_maggie

Skill      XL: |  1  2  3  4  5  6  7  8 |
---------------+-------------------------+-----
Hexes          | 4 5 6 |  6.6
Ranged Weapons | 3 4 5 6 |  6.1
Dodging        | 2 3 |  3.3
Fighting       | 2 3 |  3.6
Spellcasting   | 2 |  2.1
Fire Magic     | 1 2 |  2.0
Translocations | 1 2 |  2.0

Action                   |  1- 3 |  4- 6 |  7- 9 || total
-------------------------+-------+-------+-------++-------
 Fire: Sling             |    49 |   207 |   184 ||   440
 Cast: Slow              |    10 |    22 |    34 ||    66
       Inner Flame       |       |       |     6 ||     6
       Portal Projectile |       |       |     1 ||     1
Evoke: Wand              |       |       |     4 ||     4
  Use: Scroll            |       |     3 |     2 ||     5
       Potion            |       |       |     3 ||     3
Armor: Robe              |     4 |    22 |     5 ||    31
Dodge: Dodged            |     7 |    79 |    67 ||   153

Table legend: (Time is in decaauts)
 A = Elapsed time spent in this place.
 B = Non-inter-level travel time spent in this place.
 C = Inter-level travel time spent in this place.
 D = Time resting spent in this place.
 E = Time spent auto-exploring this place.
 F = Levels seen in this place.
 G = Mean time per level.
                   A        B        C        D        E       F      G
               +--------+--------+--------+--------+--------+-----+--------+
         Total |   6740 |   6341 |    399 |    416 |   4951 |   6 | 1123.3 |
       Dungeon |   6740 |   6341 |    399 |    416 |   4951 |   6 | 1123.3 |
               +--------+--------+--------+--------+--------+-----+--------+

Top non-repeatable levels by time:
     D:5: 1865 daAuts
     D:2: 1539 daAuts
     D:4: 1045 daAuts
     D:3: 1014 daAuts
     D:1: 950 daAuts
     D:6: 324 daAuts
